 Dungeon Crawl Stone Soup version 0.29-a0-495-g17b79114eb (webtiles) character file.

Game seed: 9587381913908099436

9521 croobank the Covert (level 11, -3/89 HPs)
             Began as a Gnoll Delver on May 27, 2022.
             Was an Initiate of Gozag.
             Slain by Erolcha
             ... wielding a +0 giant club
              (26 damage)
             ... on level 9 of the Dungeon.
             The game lasted 00:30:09 (9250 turns).

croobank the Covert (Gnoll Delver)                  Turns: 9250, Time: 00:30:09

Health: -3/89      AC: 16    Str: 11    XL:     11   Next: 47%
Magic:  18/20      EV: 16    Int: 13    God:    Gozag
Gold:   1098       SH:  0    Dex: 15    Spells: 3/22 levels left

rFire   . . .      SeeInvis .   h - +2 executioner's axe (elec)
rCold   . . .      Faith    .   (shield currently unavailable)
rNeg    . . .      Spirit   .   H - +0 steam dragon scales
rPois   .          Reflect  .   A - +2 hat
rElec   .          Harm     .   J - +0 cloak
rCorr   .          Rampage  .   P - +1 pair of gloves {infuse}
Will    +....                   (no boots)
Stlth   +++++.....              y - amulet of regeneration
HPRegen 1.04/turn               r - ring of willpower
MPRegen 0.17/turn               M - +4 ring of protection

@: no status effects
A: fangs 1, strong nose, distributed training
a: Renounce Religion, Potion Petition, Call Merchant, Bribe Branch


You were on level 9 of the Dungeon.
You worshipped Gozag.
Gozag was most pleased with you.
You visited 2 branches of the dungeon, and saw 10 of its levels.
You also visited: Bailey.

You collected 1550 gold pieces.
You spent 308 gold pieces at shops.
You paid 144 gold pieces to Gozag.

Inventory:

Hand Weapons
 a - a +0 hand axe
 f - a +0 halberd of freezing
 h - a +2 executioner's axe of electrocution (weapon)
 k - a +1 whip of pain
 l - a +0 great mace
 u - a +0 bardiche
 w - the +5 hand axe of the Distant Future {drain, Int+5}
   (You found it on level 2 of the Dungeon)

   A truly terrible weapon, it drains the life of any living foe it strikes.
   Int:       It affects your intelligence (+5).
 x - a +0 trident
 z - a +0 falchion of protection
 B - a +1 whip of electrocution
 C - a +3 dagger
 O - a +2 quarterstaff of chaos
Missiles
 q - 241 stones
 K - 2 throwing nets
 L - 9 poisoned darts
Armour
 b - a +0 leather armour
 o - a +1 ring mail
 v - an orb of wrath
 A - a +2 hat (worn)
 H - +0 steam dragon scales (worn)
 J - a +0 cloak (worn)
 P - a +1 pair of gloves of infusion (worn)
 Q - a +0 crystal plate armour
Jewellery
 e - an amulet of faith
 r - a ring of willpower (left hand)
 y - an amulet of regeneration (around neck)
 M - a +4 ring of protection (right hand)
Wands
 g - a wand of digging (3)
 s - a wand of flame (35) (quivered)
 E - a wand of acid (6)
 N - a wand of paralysis (1)
Scrolls
 c - 3 scrolls of fog
 m - 4 scrolls of vulnerability
 R - a scroll of teleportation
 S - a scroll of fear
 U - a scroll of magic mapping
Potions
 d - 2 potions of curing
 i - 2 potions of might
 j - a potion of heal wounds
 n - 3 potions of degeneration
 p - a potion of cancellation {unknown}
 t - 4 potions of flight {unknown}
 D - a potion of mutation {unknown}
 F - a potion of attraction {unknown}
 G - 2 potions of ambrosia {unknown}


   Skills:
 + Level 9.2 Fighting
 + Level 6.3 Short Blades
 + Level 6.3 Long Blades
 + Level 7.9 Axes
 + Level 6.3 Maces & Flails
 + Level 6.3 Polearms
 + Level 6.3 Staves
 + Level 6.3 Slings
 + Level 6.3 Bows
 + Level 6.3 Crossbows
 + Level 6.3 Throwing
 + Level 6.3 Armour
 + Level 7.9 Dodging
 + Level 11.4 Stealth
 + Level 6.3 Shields
 + Level 6.3 Unarmed Combat
 + Level 6.3 Spellcasting
 + Level 5.2 Conjurations
 + Level 5.2 Hexes
 + Level 5.2 Summonings
 + Level 5.2 Necromancy
 + Level 5.2 Translocations
 + Level 5.2 Transmutations
 + Level 5.2 Fire Magic
 + Level 5.2 Ice Magic
 + Level 5.2 Air Magic
 + Level 5.2 Earth Magic
 + Level 5.2 Poison Magic
 + Level 6.9 Invocations
 + Level 6.3 Evocations


You had 3 spell levels left.
You knew the following spells:

 Your Spells              Type           Power      Damage    Failure   Level
a - Static Discharge      Conj/Air       17%        N/A       2%          2
b - Lightning Bolt        Conj/Air       8%         1d21      45%         5
c - Beastly Appendage     Tmut           34%        N/A       1%          1
d - Frozen Ramparts       Ice            34%        1d5       5%          3
e - Hailstorm             Conj/Ice       17%        3d6       19%         4
f - Freeze                Ice            68%        1d8       1%          1
g - Spider Form           Tmut/Pois      17%        N/A       5%          3

Your spell library contained the following spells:

 Spells                   Type           Power      Damage    Failure   Level
 Wereblood                Tmut           17%        N/A       2%          2
 Conjure Flame            Conj/Fire      17%        6-21      5%          3
 Ignite Poison            Fire/Tmut/Pois 17%        N/A       5%          3
 Sticky Flame             Conj/Fire      17%        2d4       19%         4
 Maxwell's Capacitive Co  Air            8%         ∞         100%        8


Dungeon Overview and Level Annotations

Branches:
Dungeon (9/15)             Temple (1/1) D:6          Bailey (visited)
   Lair: D:8-11         Orc: D:9-12

Altars:
Ashenzari
Cheibriados
Dithmenos
Elyvilon
Fedhas
Gozag
Hepliaklqana
Kikubaaqudgha
Makhleb
Nemelex Xobeh
Okawaru
Qazlal
Ru
Sif Muna
Trog
Uskayaw
Vehumet
Wu Jian
Xom
Yredelemnul
Zin
The Shining One

Shops:
D:5 (   D:7 :

Annotations:
D:9 Erolcha


Innate Abilities, Weirdness & Mutations

You have very sharp teeth.
Your uncanny sense of smell can sniff out nearby items.
Your experience applies equally to all skills.


Message History

The wolf misses you.
The centaur hits you but does no damage.
The centaur barely misses you. The wolf bites you but does no damage.
You slash the wolf! Lightning courses through the wolf!!
You kill the wolf!
You slash the centaur! The centaur closely misses you.
The centaur barely misses you. The centaur misses you.
The centaur kicks you but does no damage.
Unknown command.
You slash the centaur! Lightning courses through the centaur!
You kill the centaur!
No target in view!
You see here 6 gold pieces.
Erolcha the Cunning comes into view.
She is wielding a +0 giant club.
Okay, then.
Found a fustibalus.
Erolcha shouts!
You barely miss Erolcha. Erolcha completely misses you.
You hit Erolcha.
Erolcha is lightly wounded.
Erolcha hits you with a +0 giant club!
You closely miss Erolcha.
Erolcha is lightly wounded.
Erolcha completely misses you.
You hit Erolcha.
Erolcha is moderately wounded.
Erolcha hits you with a +0 giant club!!
Unknown command.
You slash Erolcha! You bite Erolcha, but do no damage.
Erolcha is heavily wounded.
Erolcha barely misses you.
You barely miss Erolcha.
Erolcha is heavily wounded.
Erolcha screams, "DIE!"
Erolcha casts a spell.
Erolcha flickers and vanishes!
Something hits you!!
* * * LOW HITPOINT WARNING * * *
You closely miss something. Something hits you!!
You die...
Your body crumbles into a pile of gold.

#.## ##.# #.#######
##.###...###
#.##.......##
##.#.........#
##............#
##.............##
...........@{.....#
####.............)#
#..............#
##.............#
#..............
#..............
#..............
#..............


There were no monsters in sight!

Vanquished Creatures
  2 two-headed ogres (D:9)
  Erica (D:9)
  2 orc knights (Bailey)
  Pikel (D:4)
  An ugly thing (D:9)
  Eustachio (D:6)
  A wyvern (D:8)
  8 yaks (D:8)
  Grum (D:9)
  A steam dragon (D:6)
  Menkaure (D:7)
  Duvessa (D:6)
  A water moccasin (D:6)
  7 orc warriors
  3 ice beasts
  3 sky beasts
  2 ogres (D:5)
  3 centaurs (D:9)
  3 wolves (D:9)
  A phantom (D:6)
  A kobold brigand (D:7)
  3 bullfrogs (D:7)
  A gnoll sergeant (D:6)
  2 necrophages
  2 scorpions (D:7)
  Dowan (D:6)
  3 jellies
  13 orc priests
  7 hounds
  Crazy Yiuf (D:7)
  A gnoll shaman (D:4)
  2 iguanas
  Terence (D:3)
  13 orc wizards
  12 gnolls
  4 adders
  A shadow imp (D:6)
  A white imp (D:7)
  An ufetubus (D:5)
  3 dart slugs
  49 orcs
  5 bats
  11 endoplasms
  4 giant cockroaches
  15 goblins
  9 hobgoblins
  7 quokkas
  6 ball pythons
  4 frilled lizards
  16 kobolds
  2 rats (D:1)
245 creatures vanquished.

Vanquished Creatures (others)
  5 toadstools (D:1)
5 creatures vanquished.

Grand Total: 250 creatures vanquished

Notes
Turn   | Place    | Note
-------+----------+-------------------------------------------
     0 | D:5      | Reached skill level 9 in Stealth
     0 | D:5      | croobank the Gnoll Delver began the quest for the Orb.
     0 | D:5      | Reached XP level 1. HP: 23/23 MP: 1/1
    89 | D:4      | Noticed Pikel
    89 | D:4      | Noticed a lemure
    89 | D:4      | Noticed a lemure
    89 | D:4      | Noticed a lemure
    89 | D:4      | Noticed a lemure
   122 | D:5      | Noticed a hound
   186 | D:3      | Noticed Terence
   640 | D:3      | Reached XP level 2. HP: 11/29 MP: 2/2
   909 | D:3      | Found a shimmering altar of Xom.
  1036 | D:2      | Reached XP level 3. HP: 33/35 MP: 3/3
  1495 | D:2      | Reached skill level 1 in Invocations
  1864 | D:2      | Reached skill level 1 in Short Blades
  1864 | D:2      | Reached skill level 1 in Long Blades
  1864 | D:2      | Reached skill level 1 in Maces & Flails
  1864 | D:2      | Reached skill level 1 in Polearms
  1864 | D:2      | Reached skill level 1 in Staves
  1864 | D:2      | Reached skill level 1 in Slings
  1864 | D:2      | Reached skill level 1 in Bows
  1864 | D:2      | Reached skill level 1 in Crossbows
  1864 | D:2      | Reached skill level 1 in Throwing
  1864 | D:2      | Reached skill level 1 in Armour
  1864 | D:2      | Reached skill level 1 in Shields
  1864 | D:2      | Reached skill level 1 in Unarmed Combat
  1864 | D:2      | Reached skill level 1 in Spellcasting
  1864 | D:2      | Reached skill level 1 in Evocations
  2131 | D:1      | Reached XP level 4. HP: 35/41 MP: 5/5
  2477 | D:1      | Found a faded altar of an unknown god.
  2892 | D:2      | Identified the +5 hand axe of the Distant Future {drain,
                  | Int+5}
  2969 | D:2      | Reached skill level 1 in Conjurations
  2969 | D:2      | Reached skill level 1 in Hexes
  2969 | D:2      | Reached skill level 1 in Summonings
  2969 | D:2      | Reached skill level 1 in Necromancy
  2969 | D:2      | Reached skill level 1 in Translocations
  2969 | D:2      | Reached skill level 1 in Transmutations
  2969 | D:2      | Reached skill level 1 in Fire Magic
  2969 | D:2      | Reached skill level 1 in Ice Magic
  2969 | D:2      | Reached skill level 1 in Air Magic
  2969 | D:2      | Reached skill level 1 in Earth Magic
  2969 | D:2      | Reached skill level 1 in Poison Magic
  3230 | D:2      | Learned a level 2 spell: Static Discharge
  3358 | D:3      | Reached XP level 5. HP: 28/47 MP: 5/7
  3606 | D:3      | Learned a level 5 spell: Lightning Bolt
  3680 | D:3      | Killed Terence
  4026 | D:4      | Reached XP level 6. HP: 53/53 MP: 8/8
  4033 | D:4      | Found a sparkling altar of Nemelex Xobeh.
  4037 | D:4      | Found a radiant altar of Vehumet.
  4044 | D:4      | Found an iron altar of Okawaru.
  4267 | D:4      | Identified 2 scrolls of acquirement
  4267 | D:4      | Acquired a +2 executioner's axe of electrocution
  4327 | D:4      | Found a blossoming altar of Fedhas.
  4328 | D:4      | Found a glowing silver altar of Zin.
  4382 | D:4      | Reached skill level 5 in Axes
  4382 | D:4      | Reached skill level 5 in Dodging
  4638 | D:4      | Killed Pikel
  4639 | D:4      | Reached skill level 10 in Stealth
  4639 | D:4      | Reached XP level 7. HP: 39/60 MP: 9/11
  4849 | D:4      | Reached XP level 8. HP: 43/67 MP: 12/12
  5390 | D:5      | Found Qiyheesh's Antique Weapon Shoppe.
  5485 | D:5      | Acquired a ring of willpower
  5535 | D:6      | Noticed Dowan
  5538 | D:6      | Noticed Duvessa
  5544 | D:6      | Killed Duvessa
  5558 | D:6      | Killed Dowan
  5580 | D:6      | Noticed Eustachio
  5587 | D:6      | Killed Eustachio
  5718 | D:6      | Found a staircase to the Ecumenical Temple.
  5758 | D:6      | Reached XP level 9. HP: 32/73 MP: 14/14
  6072 | Temple   | Entered the Ecumenical Temple
  6198 | Temple   | Became a worshipper of Gozag Ym Sagoz the Greedy
  6740 | D:7      | Found Oriaklol's Book Emporium.
  6764 | D:7      | Reached skill level 5 in Invocations
  6858 | D:7      | Noticed Menkaure
  6867 | D:7      | Killed Menkaure
  7012 | D:7      | Reached XP level 10. HP: 80/80 MP: 17/17
  7061 | D:7      | Learned a level 1 spell: Beastly Appendage
  7086 | D:7      | Bought a book of Frost for 308 gold pieces
  7090 | D:7      | Learned a level 3 spell: Frozen Ramparts
  7095 | D:7      | Learned a level 4 spell: Hailstorm
  7097 | D:7      | Learned a level 1 spell: Freeze
  7234 | D:7      | Found a runed translucent door.
  7235 | D:7      | Noticed Crazy Yiuf
  7357 | D:7      | Killed Crazy Yiuf
  7414 | D:8      | Found a flagged portal.
  7435 | Bailey   | Entered a bailey
  7534 | Bailey   | Reached skill level 5 in Short Blades
  7534 | Bailey   | Reached skill level 5 in Long Blades
  7534 | Bailey   | Reached skill level 5 in Maces & Flails
  7534 | Bailey   | Reached skill level 5 in Polearms
  7534 | Bailey   | Reached skill level 5 in Staves
  7534 | Bailey   | Reached skill level 5 in Slings
  7534 | Bailey   | Reached skill level 5 in Bows
  7534 | Bailey   | Reached skill level 5 in Crossbows
  7534 | Bailey   | Reached skill level 5 in Throwing
  7534 | Bailey   | Reached skill level 5 in Armour
  7534 | Bailey   | Reached skill level 5 in Shields
  7534 | Bailey   | Reached skill level 5 in Unarmed Combat
  7534 | Bailey   | Reached skill level 5 in Spellcasting
  7534 | Bailey   | Reached skill level 5 in Evocations
  7555 | Bailey   | Noticed an orc knight
  7644 | Bailey   | Killed an orc knight
  7735 | Bailey   | Learned a level 3 spell: Spider Form
  7757 | Bailey   | Noticed an orc knight
  7768 | Bailey   | Killed an orc knight
  7769 | Bailey   | Reached skill level 11 in Stealth
  8383 | D:8      | Reached XP level 11. HP: 79/87 MP: 13/19
  8552 | D:9      | Noticed Erica
  8646 | D:9      | Noticed a cyan ugly thing
  8654 | D:9      | Killed a cyan ugly thing
  8815 | D:9      | Noticed a two-headed ogre
  8825 | D:9      | Killed a two-headed ogre
  8826 | D:9      | Reached skill level 5 in Conjurations
  8826 | D:9      | Reached skill level 5 in Hexes
  8826 | D:9      | Reached skill level 5 in Summonings
  8826 | D:9      | Reached skill level 5 in Necromancy
  8826 | D:9      | Reached skill level 5 in Translocations
  8826 | D:9      | Reached skill level 5 in Transmutations
  8826 | D:9      | Reached skill level 5 in Fire Magic
  8826 | D:9      | Reached skill level 5 in Ice Magic
  8826 | D:9      | Reached skill level 5 in Air Magic
  8826 | D:9      | Reached skill level 5 in Earth Magic
  8826 | D:9      | Reached skill level 5 in Poison Magic
  9041 | D:9      | Killed Erica
  9097 | D:9      | Noticed Grum
  9101 | D:9      | Noticed a two-headed ogre
  9123 | D:9      | Killed a two-headed ogre
  9179 | D:9      | Killed Grum
  9238 | D:9      | Noticed Erolcha
  9250 | D:9      | Slain by Erolcha

Illustrated notes

Levels and vault maps discovered:
D:1:      ldierk_walled_garden, layout_loops_ring,
          chequers_ecumenical_altar_simple_redux
D:2:      minmay_alternating_diamond, layout_loops_ring
D:3:      layout_loops_corners, amcnicky_altar_gilded, uniq_terence
D:4:      layout_gridville, gammafunk_temple_overflow_pools,
          grunt_temple_overflow_diamond, uniq_pikel
D:5:      layout_basic, serial_shops, nicolae_take_the_stairs,
          grunt_ministairs_1
D:6:      layout_gridville, minmay_temple_entry_mist, uniq_eustachio,
          uniq_duvessa
D:7:      layout_cave_pools, serial_shops, shop, uniq_crazy_yiuf_cottage,
          uniq_menkaure
D:8:      layout_basic, enter_bailey_3
D:9:      layout_cave_pods, uniq_erolcha, uniq_joseph, uniq_grum, uniq_erica
Temple:   eino_temple_rhombus

Skill      XL: |  1  2  3  4  5  6  7  8  9 10 11 |
---------------+----------------------------------+-----
Stealth        | 10 11 | 11.4
Invocations    | 1 2 3 4 5 6 |  6.9
Short Blades   | 1 2 3 4 5 6 |  6.3
Long Blades    | 1 2 3 4 5 6 |  6.3
Maces & Flails | 1 2 3 4 5 6 |  6.3
Polearms       | 1 2 3 4 5 6 |  6.3
Staves         | 1 2 3 4 5 6 |  6.3
Slings         | 1 2 3 4 5 6 |  6.3
Bows           | 1 2 3 4 5 6 |  6.3
Crossbows      | 1 2 3 4 5 6 |  6.3
Throwing       | 1 2 3 4 5 6 |  6.3
Armour         | 1 2 3 4 5 6 |  6.3
Shields        | 1 2 3 4 5 6 |  6.3
Unarmed Combat | 1 2 3 4 5 6 |  6.3
Spellcasting   | 1 2 3 4 5 6 |  6.3
Evocations     | 1 2 3 4 5 6 |  6.3
Conjurations   | 1 2 3 4 5 |  5.2
Hexes          | 1 2 3 4 5 |  5.2
Summonings     | 1 2 3 4 5 |  5.2
Necromancy     | 1 2 3 4 5 |  5.2
Translocations | 1 2 3 4 5 |  5.2
Transmutations | 1 2 3 4 5 |  5.2
Fire Magic     | 1 2 3 4 5 |  5.2
Ice Magic      | 1 2 3 4 5 |  5.2
Air Magic      | 1 2 3 4 5 |  5.2
Earth Magic    | 1 2 3 4 5 |  5.2
Poison Magic   | 1 2 3 4 5 |  5.2
Axes           | 5 6 7 |  7.9
Dodging        | 5 6 7 |  7.9
Fighting       | 7 8 9 |  9.2

Action                   |  1- 3 |  4- 6 |  7- 9 | 10-12 || total
-------------------------+-------+-------+-------+-------++-------
Melee: Hand axe          |    35 |    51 |       |       ||    86
       Bite              |     8 |    10 |    26 |    24 ||    68
       Whip              |    75 |    60 |       |       ||   135
       Punch             |     2 |     2 |       |       ||     4
       Executioner's axe |       |    34 |   200 |   200 ||   434
       Kick              |       |       |       |     4 ||     4
       Headbutt          |       |       |       |     1 ||     1
 Cast: Frozen Ramparts   |       |       |       |     3 ||     3
       Freeze            |       |       |       |     2 ||     2
       Beastly Appendage |       |       |       |     1 ||     1
Evoke: Wand              |       |     5 |     3 |    10 ||    18
  Use: Scroll            |     2 |     3 |     4 |     5 ||    14
       Potion            |     1 |     1 |     1 |     5 ||     8
 Stab: Sleeping          |     7 |    20 |     9 |     3 ||    39
       Distracted        |       |     1 |     3 |     1 ||     5
       Paralysed         |       |       |       |     4 ||     4
Armor: Leather armour    |    11 |       |       |       ||    11
       Ring mail         |     9 |    36 |    42 |       ||    87
       Steam dragon scal |       |       |    66 |   119 ||   185
Dodge: Dodged            |    78 |   119 |   163 |   218 ||   578

Table legend: (Time is in decaauts)
 A = Elapsed time spent in this place.
 B = Non-inter-level travel time spent in this place.
 C = Inter-level travel time spent in this place.
 D = Time resting spent in this place.
 E = Time spent auto-exploring this place.
 F = Levels seen in this place.
 G = Mean time per level.
                   A        B        C        D        E       F      G
               +--------+--------+--------+--------+--------+-----+--------+
         Total |   9473 |   9269 |    204 |   1370 |   5245 |  11 |  861.2 |
       Dungeon |   8874 |   8682 |    192 |   1296 |   5032 |   9 |  986.0 |
        Temple |    146 |    134 |     12 |      0 |    118 |   1 |  146.0 |
        Bailey |    452 |    452 |      0 |     74 |     95 |   1 |  452.0 |
               +--------+--------+--------+--------+--------+-----+--------+

Top non-repeatable levels by time:
     D:3: 1548 daAuts
     D:2: 1482 daAuts
     D:6: 1092 daAuts
     D:4: 1031 daAuts
     D:8: 816 daAuts
     D:1: 765 daAuts
     D:5: 738 daAuts
     D:7: 725 daAuts
     D:9: 674 daAuts
  Bailey: 452 daAuts
  Temple: 146 daAuts
